 Dungeon Crawl Stone Soup version 0.29.0 (webtiles) character file.

Game seed: 9981543634194201131

20 Dorkslayer the Trooper (level 2, -1/24 HPs)
             Began as a Demonspawn Fighter on Sept 13, 2022.
             Slain by Natasha (6 damage)
             ... on level 2 of the Dungeon.
             The game lasted 00:02:16 (1338 turns).

Dorkslayer the Trooper (Demonspawn Fighter)         Turns: 1338, Time: 00:02:16

Health: -1/24      AC:  7    Str: 16    XL:     2   Next: 58%
Magic:  2/2        EV:  9    Int:  9    God:
Gold:   114        SH:  4    Dex: 12    Spells: 1/1 levels left

rFire   . . .      SeeInvis .   a - +0 long sword
rCold   . . .      Faith    .   c - +0 buckler
rNeg    . . .      Spirit   .   b - +0 scale mail
rPois   .          Reflect  .   (no helmet)
rElec   .          Harm     .   f - +0 cloak
rCorr   .          Rampage  .   (no gloves)
Will    .....                   (no boots)
Stlth   ..........              (no amulet)
HPRegen 0.08/turn               (no ring)
MPRegen 0.08/turn               (no ring)

@: no status effects
A: ignite blood 1
a: no special abilities


You were on level 2 of the Dungeon.
You visited 1 branch of the dungeon, and saw 2 of its levels.

You collected 114 gold pieces.

Inventory:

Hand Weapons
 a - a +0 long sword (weapon)
Armour
 b - a +0 scale mail (worn)
 c - a +0 buckler (worn)
 f - a +0 cloak (worn)
Scrolls
 g - 2 scrolls of enchant weapon {unknown}
 h - a scroll of immolation {unknown}
 i - a scroll of summoning {unknown}
 j - a scroll of magic mapping {unknown}
Potions
 d - 3 potions of might
 e - 2 potions of curing {unknown}


   Skills:
 + Level 3.1 Fighting
 + Level 2.1 Long Blades
 + Level 2.8 Armour
 * Level 0.6 Dodging
 + Level 2.9 Shields


You had one spell level left.
You didn't know any spells.
Your spell library contained the following spells:

 Spells                   Type           Power      Damage    Failure   Level
 Summon Small Mammal      Summ           0%         N/A       88%         1
 Blink                    Tloc           0%         N/A       96%         2
 Call Canine Familiar     Summ           0%         N/A       99%         3
 Lesser Beckoning         Tloc           0%         N/A       99%         3
 Summon Guardian Golem    Hex/Summ       0%         N/A       99%         3
 Manifold Assault         Tloc           0%         N/A       100%        5


Dungeon Overview and Level Annotations

Branches:
Dungeon (2/15)

Altars:

Shops:
D:2 =[

Annotations:
D:2 Natasha


Innate Abilities, Weirdness & Mutations

Your demonic aura sometimes causes spilled blood to erupt in flames.


Message History

You barely miss Natasha.
Natasha is severely wounded.
The giant cockroach waves its antennae.
Natasha closely misses you. Natasha claws you.
You closely miss Natasha.
Natasha is severely wounded.
Natasha stares at you and mumbles some strange words.
The magic dart hits you but does no damage.
You barely miss Natasha.
Natasha is severely wounded.
Natasha barely misses you.
The crimson imp picks up a beetle and eats it.
You hit Natasha but do no damage.
Natasha is severely wounded.
Natasha barely misses you. Natasha claws you.
You barely miss Natasha.
Natasha is severely wounded.
Natasha closely misses you.
You hit Natasha.
Natasha is almost dead.
Natasha mumbles some strange words.
You completely miss Natasha.
Natasha is almost dead.
Natasha claws you but does no damage.
The crimson imp hits you but does no damage.
You block Natasha's attack.
You closely miss Natasha.
Natasha is almost dead.
The crimson imp blinks!
Natasha claws you.
* * * LOW HITPOINT WARNING * * *
You barely miss Natasha.
Natasha is almost dead.
Natasha stares at you and mumbles some strange words.
The magic dart hits you but does no damage.
You miss Natasha.
Natasha is almost dead.
Natasha claws you.
* * * LOW HITPOINT WARNING * * *
Natasha claws you.
You die...

#.# #.# ~.~≈.. #..##.#
≈∩~≈.# ........##..#.#
≈≈≈≈.# ........#
#...###≈≈≈..# #.......#
#........... #.#...#.#
###......#
#..#.#..###...#Br.##
....∩.......Br#h#.....#
...#.#........#@# ...##
..#...#......<#.######
...................#
............)......##
.............†.......
.....................
.....................
......................
.............#.......


You could see Natasha, a giant cockroach and a rat.

Vanquished Creatures
  A dart slug (D:1)
  2 bats (D:1)
  3 endoplasms
  A hobgoblin (D:1)
  3 quokkas
  4 ball pythons (D:1)
  2 frilled lizards (D:1)
  A rat (D:1)
17 creatures vanquished.

Vanquished Creatures (others)
  A fungus (D:1)
1 creature vanquished.

Grand Total: 18 creatures vanquished

Notes
Turn   | Place    | Note
-------+----------+-------------------------------------------
     0 | D:1      | Dorkslayer the Demonspawn Fighter began the quest for the
                  | Orb.
     0 | D:1      | Reached XP level 1. HP: 18/18 MP: 1/1
   515 | D:1      | Gained mutation: Your demonic aura sometimes causes spilled
                  | blood to erupt in flames. [demonic ancestry]
   515 | D:1      | Reached XP level 2. HP: 21/24 MP: 2/2
  1306 | D:2      | Found Yvuzi's Jewellery Boutique.
  1306 | D:2      | Noticed Natasha
  1322 | D:2      | Found Umeone's Armour Boutique.
  1328 | D:2      | Noticed a crimson imp
  1335 | D:2      | Noticed a crimson imp
  1338 | D:2      | Slain by Natasha

Illustrated notes

Levels and vault maps discovered:
D:1:      dpeg_arrival_another_circle, layout_loops_ring,
          dreamdust_mushroom_princess
D:2:      layout_basic, serial_shops, nicolae_shop_statue_plus,
          nicolae_shop_waterfront, nicolae_shop_statue_plus,
          nicolae_shop_advertising_works [nicolae_subvault_shop_adworks],
          hellmonk_ecumenical_altar_blasted, kennysheep_generic_room_8,
          uniq_natasha, uniq_crazy_yiuf_cottage

Skill      XL: |  1  2 |
---------------+-------+-----
Long Blades    | 2 |  2.1
Fighting       | |  3.1
Armour         | |  2.8
Dodging        | |  0.6
Shields        | |  2.9

Action                   || total
-------------------------++-------
Melee: Long sword        ||    83
Armor: Scale mail        ||    54
Dodge: Dodged            ||    57
Block: Buckler           ||    32
